 Dungeon Crawl Stone Soup version 0.18.1-51-gd549091e01 (webtiles) character file.

5180 magog001 the Blocker (level 10, -1/91 HPs)
             Began as a Minotaur Fighter on July 9, 2020.
             Succumbed to a killer bee's poison
             ... on level 9 of the Dungeon on July 17, 2020.
             The game lasted 00:39:41 (7617 turns).

magog001 the Blocker (Minotaur Fighter)             Turns: 7617, Time: 00:39:42

Health: -1/91      AC: 22    Str: 29    XL:     10   Next: 34%
Magic:  9/9        EV:  8    Int: 12    God:
Gold:   9          SH:  0    Dex: 10    Spells: 0 memorised, 9 levels left

rFire  . . .     SeeInvis +     s - +8 long sword of Virtue {pain, *Rage Int+7}
rCold  . . .     Gourm    +     p - +0 plate armour
rNeg   . . .     Faith    .     (no shield)
rPois  .         Spirit   .     j - +1 hat
rElec  .         Dismiss  .     g - +2 cloak
rCorr  .         Reflect  .     v - +0 pair of gloves
SustAt .         Harm     .     A - +0 pair of boots
MR     +....     Rnd*Rage +     e - amulet of the gourmand
Stlth  ..........               D - ring of protection from magic
                                i - ring of see invisible

@: mighty, lethally poisoned (-1 -> -18), somewhat resistant to hostile
enchantments, extremely unstealthy
A: retaliatory headbutt, horns 2
a: no special abilities


You were on level 9 of the Dungeon.
You were not hungry.

You visited 1 branch of the dungeon, and saw 9 of its levels.

You collected 450 gold pieces.
You spent 441 gold pieces at shops.

Inventory:

Hand Weapons
 q - a cursed -2 hunting sling
 s - the +8 long sword of Virtue (weapon) {pain, *Rage Int+7}
   (You found it on level 6 of the Dungeon)

   In the hands of one skilled in necromantic magic, it inflicts extra damage on
   living creatures.
   It affects your intelligence (+7).
   It may make you go berserk in combat.
 F - a +6 arbalest of flaming
Missiles
 n - 46 sling bullets
 x - 12 tomahawks (quivered)
 G - 12 bolts
Armour
 c - a +0 shield
 g - a +2 cloak (worn)
 j - a +1 hat (worn)
 p - a +0 plate armour (worn)
 v - a +0 pair of gloves (worn)
 A - a +0 pair of boots (worn)
Jewellery
 e - an amulet of the gourmand (around neck)
 i - a ring of see invisible (left hand)
 D - a ring of protection from magic (right hand)
Wands
 d - a wand of paralysis (12/24)
 o - a wand of disintegration (3/24)
 z - a wand of hasting (3/9)
 B - a wand of iceblast (15/15)
Scrolls
 a - a scroll of amnesia
 k - 2 scrolls of fog
 m - 3 scrolls of identify
 u - a scroll of enchant weapon {unknown}
 w - 5 scrolls of teleportation
 y - 4 scrolls of magic mapping
Potions
 l - a potion of agility
Comestibles
 b - 9 fruits
 f - 10 bread rations
 h - 3 meat rations
 r - a slice of pizza
 t - 7 beef jerkies


   Skills:
 * Level 9.2 Fighting
 * Level 6.9 Long Blades
   Level 2.6(2.8) Axes
   Level 1.2(2.1) Maces & Flails
 + Level 0.4 Crossbows
 - Level 0.2 Throwing
 * Level 10.7 Armour
 - Level 0.3 Stealth
 * Level 10.8 Shields
 + Level 0.6 Evocations


You had 9 spell levels left.
You didn't know any spells.

Dungeon Overview and Level Annotations

Branches:
Dungeon (9/15)             Temple (0/1) D:6
   Lair: D:8-11         Orc: D:9-12

Altars:
Ashenzari
Cheibriados
Dithmenos
Gozag
Pakellas
Qazlal
Trog
Xom
Yredelemnul
The Shining One

Shops:
D:9 (


Innate Abilities, Weirdness & Mutations

You reflexively headbutt those who attack you in melee.
You have a pair of horns on your head.


Message History

* * * LOW HITPOINT WARNING * * *
You feel sick. The killer bee stings you.
* * * LOW HITPOINT WARNING * * *
The killer bee barely misses you.
You slice the killer bee!!
You kill the killer bee!
* * * LOW HITPOINT WARNING * * *
You feel very sick.
* * * LOW HITPOINT WARNING * * *
You feel sick.
You see here 3 bolts.
* * * LOW HITPOINT WARNING * * *
You feel sick.
Things that are here:
a bolt; an adder corpse
* * * LOW HITPOINT WARNING * * *
You feel sick.
Items here: ( ) †† a giant club; 2 bolts; an ogre corpse; a killer bee corpse You die...

#.........#####.
##...............##
#........## #.....
#..#####.# #..... #..#
.# #...∩. #..# # #.....
#((# ###..... #.)#
........ #.@# .........
...............######...
............... #...
.......(....... #...
#########...... #...
(..... #... ...... .....
...... ....... ........


There were no monsters in sight!

Vanquished Creatures
  Gastronok (D:8)
  Pikel (D:8)
  Grinder (D:4)
  Prince Ribbit (D:5)
  Eustachio (D:5)
  A hungry ghost (D:8)
  An ice beast (D:5)
  An orc warrior (D:9)
  A wasp (D:8)
  3 phantoms
  2 ogres
  A centaur (D:5)
  2 giant frogs
  A wyvern skeleton (D:7)
  2 scorpions (D:7)
  8 killer bees
  2 electric eels
  A crimson imp (D:7)
  A giant frog zombie (D:7)
  5 hounds
  2 orc priests (D:3)
  Crazy Yiuf (D:2)
  3 giant frog skeletons
  3 centaur skeletons
  Ijyb (D:2)
  Terence (D:2)
  5 iguanas
  2 worker ants
  A killer bee zombie (D:6)
  2 hound zombies (D:5)
  A hound skeleton (D:6)
  A worker ant zombie (D:9)
  13 adders
  3 gnolls (D:4)
  2 oozes
  An adder zombie (D:6)
  2 adder skeletons (D:8)
  3 worms
  4 dart slugs
  5 giant geckos
  10 orcs
  2 ball pythons (D:1)
  5 giant cockroaches
  15 goblins
  7 hobgoblins
  11 jackals
  7 quokkas
  7 bats
  5 giant newts
  10 kobolds
  9 rats
  9 plants (D:7)
190 creatures vanquished.

Vanquished Creatures (others)
  A slave (D:8)
  A big kobold (D:8)
  A hound skeleton (D:8)
  A quokka (D:8)
  A quokka skeleton (D:8)
5 creatures vanquished.

Grand Total: 195 creatures vanquished

Notes
Turn   | Place    | Note
--------------------------------------------------------------
     0 | D:1      | magog001 the Minotaur Fighter began the quest for the Orb.
     0 | D:1      | Reached XP level 1. HP: 19/19 MP: 0/0
    76 | D:1      | Reached XP level 2. HP: 25/27 MP: 1/1
   453 | D:1      | Reached XP level 3. HP: 33/33 MP: 2/2
   828 | D:2      | Reached XP level 4. HP: 27/41 MP: 3/3
  1034 | D:2      | Noticed Ijyb
  1044 | D:2      | Killed Ijyb
  1233 | D:2      | Noticed Terence
  1238 | D:2      | Reached skill level 5 in Shields
  1244 | D:2      | Killed Terence
  1244 | D:2      | Reached skill level 5 in Armour
  1244 | D:2      | Reached XP level 5. HP: 47/47 MP: 4/4
  1453 | D:2      | Noticed Crazy Yiuf
  1461 | D:2      | Killed Crazy Yiuf
  1461 | D:2      | Reached skill level 5 in Fighting
  1564 | D:3      | Gained mutation: Your mind is acute. (Int +2) [potion of beneficial mutation]
  1640 | D:3      | Reached XP level 6. HP: 45/56 MP: 5/5
  1797 | D:3      | Found a glowing golden altar of the Shining One.
  2524 | D:4      | Noticed a moth of wrath
  2527 | D:4      | Found a bloodstained altar of Trog.
  2879 | D:4      | Noticed Grinder
  2881 | D:4      | Paralysed by Grinder for 7 turns
  2896 | D:4      | Killed Grinder
  2896 | D:4      | Reached XP level 7. HP: 25/62 MP: 6/6
  3540 | D:4      | Lost mutation: Your mind is acute. (Int +2) [potion of cure mutation]
  3552 | D:5      | Entered Level 5 of the Dungeon
  3603 | D:5      | Found an opulent altar of Gozag.
  3604 | D:5      | Noticed Eustachio
  3614 | D:5      | Killed Eustachio
  3813 | D:5      | Reached XP level 8. HP: 57/71 MP: 7/7
  3831 | D:5      | Noticed Prince Ribbit
  3842 | D:5      | Killed Prince Ribbit
  3842 | D:5      | Reached skill level 1 in Maces & Flails
  3845 | D:5      | Found a shadowy altar of Dithmenos.
  4104 | D:6      | Got a faintly glowing long sword
  4107 | D:6      | Identified the +8 long sword of Virtue {pain, *Rage Int+7} (You found it on level 6 of the Dungeon)
  4176 | D:6      | Found a staircase to the Ecumenical Temple.
  4236 | D:6      | Found a shimmering altar of Xom.
  4249 | D:6      | Found a basalt altar of Yredelemnul.
  4790 | D:6      | Found a shattered altar of Ashenzari.
  4947 | D:7      | Reached skill level 1 in Long Blades
  5408 | D:7      | HP: 3/73 [electric eel/bolt of electricity (7)]
  5807 | D:7      | Reached XP level 9. HP: 79/79 MP: 8/8
  6524 | D:8      | Found a stormy altar of Qazlal.
  6526 | D:8      | Noticed Pikel
  6541 | D:8      | Killed Pikel
  6866 | D:8      | Reached skill level 10 in Armour
  6919 | D:8      | Found an opulent altar of Gozag.
  6919 | D:8      | Found a snail-covered altar of Cheibriados.
  6993 | D:8      | Noticed Gastronok
  7009 | D:8      | Killed Gastronok
  7009 | D:8      | Reached skill level 10 in Shields
  7009 | D:8      | Reached XP level 10. HP: 91/91 MP: 9/9
  7047 | D:8      | Found an oddly glowing altar of Pakellas.
  7432 | D:9      | Found Rarchum's Weapon Shop.
  7443 | D:9      | Bought a +6 arbalest of flaming for 441 gold pieces
  7614 | D:9      | HP: 4/91 [poisoned by a killer bee]
  7616 | D:9      | HP: 1/91 [poisoned by a killer bee]
  7617 | D:9      | Succumbed to a killer bee's poison

Skill      XL: |  1  2  3  4  5  6  7  8  9 |
---------------+----------------------------+-----
Armour         | 4 5 6 7 9 10 | 10.7
Shields        | 4 5 6 7 9 10 | 10.8
Fighting       | 4 5 6 7 9 |  9.2
Maces & Flails | 1 |  1.2
Long Blades    | 2 6 |  6.9
Axes           | |  2.6
Crossbows      | |  0.4
Throwing       | |  0.2
Stealth        | |  0.3
Evocations     | |  0.6

Action                   |  1- 3 |  4- 6 |  7- 9 | 10-12 || total
-------------------------+-------+-------+-------+-------++-------
Melee: War axe           |    71 |   138 |    44 |       ||   253
       Headbutt          |    13 |    24 |    77 |     4 ||   118
       Mace              |       |       |    26 |       ||    26
       Long sword        |       |       |   310 |    35 ||   345
 Fire: Arbalest          |       |       |       |    12 ||    12
Throw: Tomahawk          |       |       |     2 |       ||     2
Evoke: Wand              |       |       |     2 |       ||     2
  Use: Scroll            |       |     2 |    12 |       ||    14
       Potion            |       |     6 |     7 |     2 ||    15
  Eat: Chunk             |       |    22 |    18 |       ||    40
       Beef jerky        |       |     1 |       |       ||     1
Armor: Scale mail        |    34 |     2 |       |       ||    36
       Chain mail        |       |    54 |    49 |       ||   103
       Plate armour      |       |       |   120 |    64 ||   184
Dodge: Dodged            |    37 |    36 |    53 |    33 ||   159
Block: Shield            |    46 |    73 |   129 |    25 ||   273
